 Dungeon Crawl Stone Soup version 0.23-a0-516-g0f8c245 (webtiles) character file.

83 zishaf the Insei (level 4, 0/23 HPs)
             Began as a Vine Stalker Transmuter on Dec 5, 2018.
             Slain by Sigmund
             ... wielding a +2 vampiric scythe
              (9 damage)
             ... on level 3 of the Dungeon.
             The game lasted 00:04:44 (2156 turns).

zishaf the Insei (Vine Stalker Transmuter)          Turns: 2156, Time: 00:04:44

Health: 0/23       AC: 10    Str: 10 (13) XL:     4   Next: 44%
Magic:  0/8        EV:  5    Int: 12 (13) God:
Gold:   60         SH:  0    Dex: 14 (15) Spells: 6/7 levels left

rFire    . . .     SeeInvis .     - Unarmed
rCold    . . .     Gourm    .   (no shield)
rNeg     . . .     Faith    .   p - +0 plate armour
rPois    .         Spirit   +   (no helmet)
rElec    .         Reflect  .   (no cloak)
rCorr    .         Harm     .   (no gloves)
MR       .....                  (no boots)
Stlth    ..........             q - amulet of inaccuracy (curse)
HPRegen  0.47/turn              s - +4 ring of evasion
MPRegen  0.11/turn              (no ring)

@: no status effects
A: fangs 2, regeneration 1, magic shield, antimagic bite, no potion heal 3, rot
immunity
a: no special abilities


You were on level 3 of the Dungeon.
You were not hungry.

You visited 1 branch of the dungeon, and saw 3 of its levels.

You collected 60 gold pieces.

Inventory:

Hand Weapons
 a - a +0 hunting sling
Missiles
 g - 39 arrows
 l - 74 stones (quivered)
 t - 10 poisoned needles
Armour
 b - a +0 robe
 p - a +0 plate armour (worn)
Jewellery
 q - a cursed amulet of inaccuracy (around neck)
 r - an uncursed amulet of harm {unknown}
 s - a +4 ring of evasion (left hand)
Scrolls
 e - 2 scrolls of identify {unknown}
 j - a scroll of remove curse {unknown}
 k - a scroll of teleportation
 n - a scroll of magic mapping {unknown}
Potions
 c - 2 potions of curing
 h - a potion of might {unknown}
Comestibles
 d - 2 rations


   Skills:
 + Level 1.9 Fighting
 + Level 0.9 Armour
 - Level 2.0 Dodging
 + Level 3.5 Unarmed Combat
 - Level 2.1 Spellcasting
 + Level 2.8 Transmutations


You had 6 spell levels left.
You knew the following spells:

 Your Spells              Type           Power        Failure   Level  Hunger
a - Beastly Appendage     Tmut           #.....       100%        1    ##.....

Your spell library contained the following spells:

 Spells                   Type           Power        Failure   Level  Hunger
 Sticks to Snakes         Tmut           #.......     100%        2    ###....
 Spider Form              Tmut/Pois      #.........   100%        3    ####...
 Ice Form                 Ice/Tmut       #.......     100%        4    #####..
 Blade Hands              Tmut           #.........   100%        5    ######.


Dungeon Overview and Level Annotations

Branches:
Dungeon (3/15)

Altars:

Annotations:
D:3 Sigmund


Innate Abilities, Weirdness & Mutations

You have extremely sharp teeth.
Your natural rate of healing is unusually fast.
When hurt, damage is shared between your health and your magic reserves.
Your bite disrupts and absorbs the magic of your enemies.
Potions cannot restore your health.
You are immune to rotting.


Message History

You hit something but do no damage. You completely miss something.
You bite something. Something hits you.
You completely miss something. You bite something. You closely miss something.
You miss something. Something hits you.
You barely miss something. You closely miss something.
Your bite misses something. Something completely misses you.
You closely miss something. Something hits you but does no damage.
You hit something but do no damage. You miss something. You miss something.
Something hits you.
You miss something. Your bite misses something. You completely miss something.
Something hits you but does no damage.
All of the chunks of flesh in your inventory have rotted away.
You miss something. Something hits you but does no damage.
You miss something. You closely miss something.
Something hits you but does no damage.
You closely miss something. You bite something. Something hits you!
You die...

##########
#........##.
#.<.........
#..@......#
#..{......#.
#####........
#............
#..........##
#.........###
..........(.#
............#
#...........#


There were no monsters in sight!

Vanquished Creatures
  3 adders (D:2)
  An ooze (D:2)
  2 worms (D:2)
  2 dart slugs
  2 leopard geckos
  3 ball pythons
  A giant cockroach (D:1)
  3 goblins
  2 hobgoblins
  3 jackals (D:1)
  6 kobolds
  3 bats
  6 frilled lizards
  6 rats
43 creatures vanquished.

Notes
Turn   | Place    | Note
-------+----------+-------------------------------------------
     0 | D:1      | zishaf the Vine Stalker Transmuter began the quest for the
                  | Orb.
     0 | D:1      | Reached XP level 1. HP: 9/9 MP: 4/4
    20 | D:1      | Reached skill level 1 in Fighting
   389 | D:1      | Reached XP level 2. HP: 11/14 MP: 4/6
  1040 | D:2      | Reached XP level 3. HP: 18/18 MP: 7/7
  1428 | D:2      | Gained mutation: Your natural rate of healing is unusually
                  | fast. [Vine Stalker growth]
  1428 | D:2      | Reached XP level 4. HP: 17/23 MP: 8/8
  2059 | D:3      | Noticed Sigmund
  2156 | D:3      | Slain by Sigmund

Vault maps used:
D:1:      dpeg_arrival_fog
D:3:      dancing_weapons_uskayaw, nicolae_overflow_crystal_walls, first_ration,
          chequers_ecumenical_altar_twisty, uniq_sigmund

Skill      XL: |  1  2  3 |
---------------+----------+-----
Fighting       | 1 |  1.9
Dodging        | 2 |  2.0
Armour         | |  0.9
Unarmed Combat | |  3.5
Spellcasting   | |  2.1
Transmutations | |  2.8

Action                   |  1- 3 |  4- 6 || total
-------------------------+-------+-------++-------
Melee: Unarmed           |   145 |   124 ||   269
       Bite              |    33 |    20 ||    53
       Punch             |     1 |       ||     1
 Fire: Hunting sling     |    12 |    17 ||    29
  Use: Scroll            |     1 |       ||     1
       Potion            |       |     4 ||     4
 Stab: Distracted        |     1 |       ||     1
  Eat: Chunk             |     2 |     2 ||     4
Armor: Robe              |     8 |       ||     8
       Plate armour      |    49 |    61 ||   110
       Skin              |       |    19 ||    19
Dodge: Dodged            |    59 |    27 ||    86

Table legend:
 A = Non-vault XP
 B = Vault XP
 C = Vault XP percentage of total XP
 D = Non-vault monster count
 E = Vault monster count
 F = Vault count percentage of total count
                 A         B        C        D         E       F
            +---------+---------+-------+---------+---------+-------
      Total |     119 |       0 |   0.0 |      43 |       0 |   0.0
            +---------+---------+-------+---------+---------+-------
        D:1 |      33 |       0 |   0.0 |      18 |       0 |   0.0
        D:2 |      84 |       0 |   0.0 |      24 |       0 |   0.0
        D:3 |       2 |       0 |   0.0 |       1 |       0 |   0.0
            +---------+---------+-------+---------+---------+-------
